 Dungeon Crawl Stone Soup version 0.30-a0-174-gbc10bd73c2 (webtiles) character file.

Game seed: 14516174996204923891

684 qw the Chopper (level 7, -7/43 HPs)
             Began as a Gargoyle Fighter on Oct 1, 2022.
             Mangled by an ogre
             ... wielding a +0 giant spiked club
              (17 damage)
             ... on level 5 of the Dungeon.
             The game lasted 00:01:43 (4291 turns).

qw the Chopper (Gargoyle Fighter)                   Turns: 4291, Time: 00:01:44

Health: -7/43      AC: 21    Str: 19 (20) XL:     7   Next: 62%
Magic:  7/7        EV:  6    Int:  6 (8)  God:
Gold:   227        SH:  4    Dex: 13      Spells: 6/6 levels left

rFire   . . .      SeeInvis .    Y - +0 war axe
rCold   . . .      Faith    .    c - +0 buckler
rNeg    + . .      Spirit   .    h - +0 plate armour
rPois   inf        Reflect  .    f - +0 helmet
rElec   +          Harm     .    (no cloak)
rCorr   .          Rampage  .    (no gloves)
Will    .....                    (no boots)
Stlth   ..........               (no amulet)
HPRegen 0.27/turn                e - +4 ring of protection
MPRegen 0.10/turn                (no ring)

@: about to teleport
A: sickness immunity, AC +4, negative energy resistance 1, electricity
resistance, torment resistance 1, petrification resistance, agile 1,
deterioration 1
a: no special abilities


You were on level 5 of the Dungeon.
You visited 1 branch of the dungeon, and saw 5 of its levels.

You collected 227 gold pieces.


Innate Abilities, Weirdness & Mutations

You are immune to sickness and miasma.
Your stone body is resilient. (AC +4)
You are immune to poison.
You resist negative energy. (rN+)
You are resistant to electric shocks. (rElec)
You are resistant to unholy torment.
You are immune to petrification.
You are agile. (Dex +4, Str/Int -1)
Your body sometimes deteriorates upon taking damage.


   Skills:
 - Level 4.0 Fighting
 + Level 6.5 Axes
 - Level 4.2 Armour
 - Level 2.0 Dodging
 - Level 3.2 Shields


You had 6 spell levels left.
You didn't know any spells.
Your spell library was empty.

Inventory:

Hand Weapons
 j - a +0 flail
 Y - a +0 war axe (weapon)
Armour
 c - a +0 buckler (worn)
 f - a +0 helmet (worn)
 h - a +0 plate armour (worn)
Jewellery
 e - a +4 ring of protection (left hand)
 n - a ring of ice
Scrolls
 a - 2 scrolls of identify
 b - a scroll of immolation {unknown}
Potions
 d - 2 potions of might
 k - a potion of lignification
 l - a potion of resistance {unknown}
 m - a potion of curing
 p - a potion of mutation
 q - a potion of attraction

Dungeon Overview and Level Annotations

Branches:
Dungeon (5/15)
 Temple: D:4-7

Altars:
Elyvilon

Shops:
D:4 ?


Message History

The centaur unwields a +0 shortbow.
You block the centaur's attack.
The centaur kicks you but does no damage.
You closely miss the ogre. You barely miss the centaur.
The centaur hits you but does no damage.
The centaur barely misses you.
The ogre hits you with a +0 giant spiked club!
Your body deteriorates!
You feel dopey.
The centaur hits you but does no damage.
The centaur closely misses you.
You barely miss the ogre. You closely miss the centaur.
The centaur hits you but does no damage.
The centaur kicks you but does no damage.
The ogre barely misses you.
You barely miss the ogre. You hit the centaur.
The centaur hits you but does no damage.
The centaur closely misses you. You block the centaur's attack.
The centaur kicks you but does no damage.
The ogre hits you with a +0 giant spiked club!
Your body deteriorates!
You feel weakened.
4289 ||| READING scroll of teleportation.
As you read the scroll of teleportation, it crumbles to dust.
You feel strangely unstable.
The centaur hits you but does no damage.
The centaur kicks you but does no damage.
You block the centaur's attack.
The centaur kicks you but does no damage.
4290 ||| DRINKING potion of heal wounds.
You feel much better.
The ogre hits you with a +0 giant spiked club!
The centaur hits you but does no damage.
The centaur barely misses you.
You closely miss the centaur.
The centaur is moderately wounded.
You hit the ogre but do no damage.
The centaur hits you but does no damage.
The centaur kicks you but does no damage.
The centaur hits you but does no damage.
You block the centaur's attack.
The ogre hits you with a +0 giant spiked club!
You die...

###.. #.........
..... #........##
#.### #.#.......##
#.... #..........#
##### #..........#
#..........#######
#....Oc...##....>#
#.@...# #.....###
#....## #.......# #
#.##.# #.....#.#
#.##.##.#
#.....#.###
#.......#
####..)....
####.#######
#.##)##. #.......#
#.##.##. #..####.#
#.##....
#..####.####.#.....


You could see an ogre and a centaur.

Vanquished Creatures
  An ogre (D:5)
  2 phantoms (D:5)
  A scorpion (D:4)
  Terence (D:3)
  An iguana (D:4)
  3 orc wizards (D:5)
  Robin (D:3)
  8 gnolls
  6 adders
  3 white imps (D:5)
  2 worms
  2 dart slugs
  6 orcs
  8 ball pythons
  2 bats
  4 endoplasms
  2 giant cockroaches
  17 goblins
  11 hobgoblins
  4 jackals (D:2)
  2 frilled lizards
  3 kobolds
  14 rats
104 creatures vanquished.

Vanquished Creatures (others)
  2 plants (D:3)
2 creatures vanquished.

Grand Total: 106 creatures vanquished

Notes
Turn   | Place    | Note
-------+----------+-------------------------------------------
     0 | D:1      | qw the Gargoyle Fighter began the quest for the Orb.
     0 | D:1      | Reached XP level 1. HP: 14/14 MP: 1/1
     0 | D:1      | 0 ||| qw: Version: 0.2-a-13-gfc7b4b4
     0 | D:1      | 0 ||| qw: Game counter: 1836
     0 | D:1      | 0 ||| qw: Always use a shield: true
     0 | D:1      | 0 ||| qw: God list: Okawaru
     0 | D:1      | 0 ||| qw: Allow faded altars: false
     0 | D:1      | 0 ||| qw: Do Orc after D:15 true
     0 | D:1      | 0 ||| qw: Do second Lair branch before Depths: true
     0 | D:1      | 0 ||| qw: Lair rune preference: random
     0 | D:1      | 0 ||| qw: Plans: Normal, Zot:1-4, God:TSO, Crypt, Tomb,
                  | Pan, Slime:5, Hells, Abyss, Orb
     0 | D:1      | 0 ||| PLANNING D:1-11
   253 | D:1      | Reached skill level 2 in Axes
   497 | D:1      | Reached XP level 2. HP: 19/19 MP: 2/2
   937 | D:1      | 937 ||| UPGRADING to +4 ring of protection.
   938 | D:1      | 938 ||| READING 2 scrolls labelled MUTEZI MAYXZE.
   939 | D:1      | 939 ||| READING scroll labelled IXOQEXUGHE.
   940 | D:1      | 940 ||| DRINKING 2 clear potions.
   941 | D:1      | 941 ||| DROPPING scroll of magic mapping.
  1017 | D:2      | Reached skill level 3 in Axes
  1017 | D:2      | Reached XP level 3. HP: 23/23 MP: 3/3
  1384 | D:2      | Reached XP level 4. HP: 12/28 MP: 4/4
  1384 | D:2      | 1384 ||| FLEEEEING.
  1385 | D:2      | 1385 ||| FLEEEEING.
  1386 | D:2      | 1386 ||| FLEEEEING.
  1401 | D:2      | 1401 ||| FLEEEEING.
  1402 | D:2      | 1402 ||| FLEEEEING.
  1403 | D:2      | 1403 ||| FLEEEEING.
  1404 | D:2      | 1404 ||| FLEEEEING.
  1405 | D:2      | 1405 ||| FLEEEEING.
  1406 | D:2      | 1406 ||| FLEEEEING.
  1407 | D:2      | 1407 ||| STAIRDANCE
  1447 | D:1      | 1447 ||| READING scroll labelled BAPAM WIKK.
  1502 | D:2      | 1502 ||| Stepping ~*~*~tactically~*~*~ (stealth).
  1529 | D:2      | Reached skill level 4 in Axes
  1543 | D:2      | Found a faded altar of an unknown god.
  1870 | D:2      | 1870 ||| UPGRADING to +0 plate armour.
  1880 | D:2      | 1880 ||| DROPPING +0 scale mail.
  1881 | D:2      | 1881 ||| READING scroll labelled AGAPRO TETER.
  1882 | D:2      | 1882 ||| READING 2 scrolls of identify.
  1882 | D:2      | 1882 ||| IDENTIFYING emerald potion
  1883 | D:2      | 1883 ||| DROPPING potion of degeneration.
  1907 | D:3      | Noticed Robin
  1921 | D:3      | Killed Robin
  1922 | D:3      | Reached XP level 5. HP: 12/32 MP: 5/5
  1928 | D:3      | 1928 ||| FLEEEEING.
  1929 | D:3      | 1929 ||| FLEEEEING.
  1930 | D:3      | 1930 ||| STAIRDANCE
  2038 | D:3      | Found a white marble altar of Elyvilon.
  2093 | D:3      | Noticed Terence
  2112 | D:3      | Killed Terence
  2113 | D:3      | Reached skill level 5 in Axes
  2171 | D:3      | 2171 ||| DROPPING +0 whip of electrocution.
  2181 | D:3      | 2181 ||| Stepping ~*~*~tactically~*~*~ (stealth).
  2183 | D:3      | 2183 ||| Stepping ~*~*~tactically~*~*~ (stealth).
  2384 | D:3      | 2384 ||| FLEEEEING.
  2385 | D:3      | 2385 ||| FLEEEEING.
  2386 | D:3      | 2386 ||| FLEEEEING.
  2387 | D:3      | 2387 ||| FLEEEEING.
  2390 | D:3      | 2390 ||| FLEEEEING.
  2391 | D:3      | 2391 ||| FLEEEEING.
  2397 | D:3      | Reached XP level 6. HP: 22/38 MP: 6/6
  2638 | D:3      | 2638 ||| UPGRADING to +0 helmet.
  2643 | D:3      | 2643 ||| READING scroll labelled LINAROAGAED.
  2644 | D:3      | 2644 ||| READING 2 scrolls of identify.
  2644 | D:3      | 2644 ||| IDENTIFYING sedimented dark potion
  2645 | D:3      | 2645 ||| DROPPING potion of berserk rage.
  2785 | D:4      | 2785 ||| Stepping ~*~*~tactically~*~*~ (stealth).
  2786 | D:4      | 2786 ||| Stepping ~*~*~tactically~*~*~ (stealth).
  3333 | D:4      | Found Ponocod's Magic Scroll Shop.
  3635 | D:4      | 3635 ||| DROPPING amulet of magic regeneration.
  3636 | D:4      | 3636 ||| READING 2 scrolls labelled XECLAFR VEJEFF.
  3637 | D:4      | 3637 ||| DRINKING 4 metallic white potions.
  3638 | D:4      | 3638 ||| DRINKING 2 murky clear potions.
  3739 | D:4      | 3739 ||| DRINKING 2 fuming cyan potions.
  3739 | D:4      | Gained mutation: Your body sometimes deteriorates upon
                  | taking damage. [potion of mutation]
  3739 | D:4      | Gained mutation: You are agile. (Dex +4, Str/Int -1)
                  | [potion of mutation]
  3740 | D:4      | 3740 ||| READING 5 scrolls of identify.
  3740 | D:4      | 3740 ||| IDENTIFYING sedimented cyan potion
  3741 | D:4      | 3741 ||| READING 4 scrolls of identify.
  3741 | D:4      | 3741 ||| IDENTIFYING amethyst potion
  3742 | D:4      | 3742 ||| READING 3 scrolls of identify.
  3742 | D:4      | 3742 ||| IDENTIFYING bubbling green potion
  3743 | D:4      | 3743 ||| DROPPING scroll of noise.
  3744 | D:4      | 3744 ||| DROPPING potion of magic.
  3745 | D:4      | 3745 ||| DROPPING potion of ambrosia.
  3807 | D:5      | Entered Level 5 of the Dungeon
  3808 | D:5      | 3808 ||| STAIRDANCE
  3819 | D:5      | 3819 ||| STAIRDANCE
  3949 | D:5      | Reached XP level 7. HP: 28/43 MP: 7/7
  4024 | D:5      | 4024 ||| DRINKING 3 potions of curing.
  4024 | D:5      | 4024 ||| (to cure confusion)
  4029 | D:5      | 4029 ||| DRINKING 2 potions of curing.
  4029 | D:5      | 4029 ||| (to cure confusion)
  4034 | D:5      | Reached skill level 6 in Axes
  4288 | D:5      | HP: 4/43 [ogre/+0 giant spiked club (16)]
  4289 | D:5      | 4289 ||| READING scroll of teleportation.
  4290 | D:5      | 4290 ||| DRINKING potion of heal wounds.
  4291 | D:5      | Mangled by an ogre

Levels and vault maps discovered:
D:1:      dpeg_arrival_stonehenge_8_columns, layout_basic,
          minmay_rat_gold_closets
D:2:      layout_basic, ebering_ecumenical_altar_box
D:3:      layout_rooms, nicolae_elyvilon_temple_path, uniq_terence, uniq_robin
D:4:      minmay_door_path, layout_loops_corners, nicolae_take_the_stairs,
          minmay_misc_feat_secret_circle
D:5:      layout_loops_cross, amethyst_overflow_temple_binary, kennysheep_dice,
          uniq_duvessa

Skill      XL: |  1  2  3  4  5  6  7 |
---------------+----------------------+-----
Axes           | 2 3 4 5 6 |  6.5
Fighting       | 4 |  4.0
Dodging        | 2 |  2.0
Armour         | 4 |  4.2
Shields        | |  3.2

Action                   |  1- 3 |  4- 6 |  7- 9 || total
-------------------------+-------+-------+-------++-------
Melee: War axe           |    96 |   201 |    52 ||   349
  Use: Scroll            |     2 |     9 |     1 ||    12
       Potion            |     1 |     3 |     3 ||     7
Armor: Scale mail        |    44 |    32 |       ||    76
       Plate armour      |       |   125 |    49 ||   174
Dodge: Dodged            |    41 |    59 |    22 ||   122
Block: Buckler           |    15 |    39 |    17 ||    71

Table legend:
 A = Non-vault XP
 B = Vault XP
 C = Vault XP percentage of total XP
 D = Non-vault monster count
 E = Vault monster count
 F = Vault count percentage of total count
                 A         B        C        D         E       F
            +---------+---------+-------+---------+---------+-------
      Total |     841 |     137 |  14.0 |      78 |      26 |  25.0
            +---------+---------+-------+---------+---------+-------
        D:1 |      15 |       8 |  34.8 |      10 |       8 |  44.4
        D:2 |     121 |       0 |   0.0 |      24 |       0 |   0.0
        D:3 |     104 |      78 |  42.9 |      16 |      14 |  46.7
        D:4 |     133 |      40 |  23.1 |      16 |       3 |  15.8
        D:5 |     468 |      11 |   2.3 |      12 |       1 |   7.7
            +---------+---------+-------+---------+---------+-------
